AoeStats
← MatzeAoE

Arena

506198832Analyzed
1v1 RM · 19d ago on Sep 12, 2026· 30m 6s· 2 players
Game mode
Random Map
Map size
Tiny (2 player)
Population
200
Speed
Normal
Resources
Standard
Victory
Conquest
Starting age
Dark Age
Ending age
Imperial Age
RankedLock teamsTeams togetherTeam positionsShared explorationLock speedFull tech treeHidden civsTurbo modeCheats
Victory
Defeat
🇺🇸 Spanish · United States
2138
+16
🇩🇪 Vietnamese · Germany
2133
-16
MatzeAoE
8:49 Feudal Age
10:07 Wheelbarrow
9:18 Double-Bit Axe
9:14 Horse Collar
17:54 Castle Age
17:22 Stone Mining
17:23 Gold Mining
18:56 Bow Saw
18:57 Heavy Plow
21:42 Hand Cart
23:09 Fletching
23:44 Bodkin Arrow
24:49 Ballistics
27:07 Padded Archer Armor
30:42 Imperial Age
29:50 Leather Archer Armor
Muzio
10:54 Feudal Age
15:26 Castle Age
13:50 Double-Bit Axe
15:08 Horse Collar
16:40 Bow Saw
20:20 Gold Mining
27:39 Imperial Age
26:07 Padded Archer Armor
27:08 Leather Archer Armor
28:55 Ring Archer Armor
29:53 Bloodlines
29:44 Husbandry
Connection lost

Rejoining the realm…

Still unreachable

The connection could not be restored.

Session expired

The server has moved on; the page needs a fresh start.